Map: Apotheosis LE

Players

PtitDrogo - Winner!

  • Race: Protoss Protoss
  • League: Master

Tarrantius

  • Race: Protoss Protoss
  • League: Master

Event: DreamHack ZOWIE Open Valencia 2016

VOD

Have the link to the VOD?

Description

Time

  • Played on: July 14, 2016, 11:54 a.m.
  • Length: 9:12

All games in this series

Show
View Real Time Build Order
Export as new Build Order

PtitDrogo Protoss - Winner!

Build Orders:  

Get SALT Encoding   

  12  0:01  Probe (Chrono Boost)  
  13  0:11  Probe (Chrono Boost)  
  14  0:18  Pylon  
  14  0:22  Probe (Chrono Boost)  
  15  0:36  Probe (Chrono Boost), Gateway  
  15  0:42  Assimilator  
  16  0:47  Probe (Chrono Boost)  
  17  0:57  Probe (Chrono Boost)  
  17  0:59  Assimilator  
  18  1:08  Probe (Chrono Boost)  
  18  1:09  Gateway  
  20  1:18  Probe (Chrono Boost)  
  20  1:24  Cybernetics Core  
  20  1:29  Probe (Chrono Boost)  
  21  1:37  Pylon  
  21  1:39  Probe (Chrono Boost)  
  22  1:50  Probe (Chrono Boost)  
  23  1:56  Warp Gate  
  25  2:01  Stalker  
  25  2:03  Mothership Core (Chrono Boost)  
  25  2:04  Stalker  
  29  2:14  Pylon  
  30  2:23  Probe (Chrono Boost)  
  30  2:35  Probe (Chrono Boost)  
  31  2:37  Stalker x2  
  35  3:05  Nexus  
  35  3:12  Sentry x2  
  39  3:17  Pylon  
  39  3:29  Robotics Facility  
  39  3:37  Probe (Chrono Boost)  
  40  3:44  Twilight Council  
  41  3:49  Probe (Chrono Boost)  
  41  4:01  Probe (Chrono Boost)  
  42  4:07  Blink  
  42  4:13  Probe (Chrono Boost)  
  44  4:17  Observer  
  44  4:18  Probe (Chrono Boost)  
  44  4:22  Phoenix  
  46  4:25  Probe (Chrono Boost)  
  46  4:29  Probe (Chrono Boost)  
  47  4:35  Immortal  
  47  4:37  Probe (Chrono Boost)  
  48  4:41  Probe (Chrono Boost)  
  53  4:50  Probe (Chrono Boost)  
  53  4:51  Nexus  
  55  4:53  Probe (Chrono Boost)  
  55  4:54  Pylon  
  55  5:02  Probe (Chrono Boost)  
  55  5:05  Probe (Chrono Boost)  
  57  5:09  Immortal  
  57  5:14  Probe (Chrono Boost)  
  58  5:19  Pylon x2  
  62  5:28  Phoenix  
  62  5:36  Nexus  
  62  5:38  Probe x2 (Chrono Boost)  
  62  5:39  Stalker x2  
  62  5:42  Pylon  
  68  5:45  Immortal  
  70  5:50  Pylon  
  70  5:51  Probe x2 (Chrono Boost)  
  74  5:59  Assimilator  
  74  6:00  Assimilator  
  74  6:03  Sentry  
  76  6:06  Probe x2 (Chrono Boost)  
  78  6:11  Gateway x2  
  78  6:14  Gateway  
  78  6:21  Gateway  
  78  6:24  Probe x2 (Chrono Boost)  
  80  6:26  Warp Prism  
  80  6:27  Phoenix  
  82  6:36  Sentry x2, Probe (Chrono Boost)  
  87  6:43  Probe (Chrono Boost)  
  87  6:44  Pylon  
  88  6:50  Probe (Chrono Boost)  
  88  6:51  Probe (Chrono Boost)  
  90  6:58  Probe (Chrono Boost)  
  90  7:00  Stalker x2  
  90  7:01  Probe (Chrono Boost)  
  96  7:03  Pylon  
  96  7:08  Observer  
  96  7:11  Probe x2 (Chrono Boost)  
  96  7:12  Probe (Chrono Boost)  
  100  7:26  Stalker x3  
  100  7:27  Stalker x3  
  106  7:45  Pylon, Probe x2 (Chrono Boost)  
  106  7:46  Pylon  
  106  7:52  Stalker x2  
  106  7:53  Stalker x4  
  110  8:17  Stalker x6  
  101  8:39  Stalker x2  
  101  8:40  Stalker x4  
  111  8:45  Probe x3 (Chrono Boost), Assimilator  
  111  8:46  Assimilator  
  110  8:57  Probe (Chrono Boost)  
  110  9:02  Stalker x2  
  115  9:05  Stalker x2  
  103  9:11  Stalker  
Show
View Real Time Build Order
Export as new Build Order

Tarrantius Protoss 

Build Orders:  

Get SALT Encoding   

  12  0:00  Probe (Chrono Boost)  
  13  0:11  Probe (Chrono Boost)  
  14  0:17  Pylon  
  14  0:22  Probe (Chrono Boost)  
  15  0:35  Probe (Chrono Boost)  
  16  0:36  Gateway  
  16  0:46  Probe (Chrono Boost)  
  16  0:47  Assimilator  
  17  0:51  Assimilator  
  17  0:56  Probe (Chrono Boost)  
  18  1:07  Probe (Chrono Boost)  
  19  1:11  Gateway  
  19  1:17  Probe (Chrono Boost)  
  20  1:23  Cybernetics Core  
  20  1:28  Probe (Chrono Boost)  
  21  1:37  Pylon  
  21  1:38  Probe (Chrono Boost)  
  22  1:45  Warp Gate  
  22  1:49  Probe (Chrono Boost)  
  25  2:02  Stalker  
  25  2:03  Mothership Core (Chrono Boost)  
  25  2:07  Pylon  
  27  2:14  Stalker  
  29  2:29  Probe (Chrono Boost)  
  30  2:32  Stalker  
  32  2:44  Stalker  
  32  2:46  Probe (Chrono Boost)  
  35  3:06  Nexus  
  35  3:11  Sentry  
  37  3:15  Sentry  
  37  3:18  Pylon  
  39  3:37  Robotics Facility  
  39  3:40  Gateway  
  39  3:56  Gateway  
  39  3:59  Pylon, Probe (Chrono Boost)  
  40  4:08  Sentry  
  40  4:09  Sentry, Probe (Chrono Boost)  
  44  4:20  Warp Prism  
  46  4:30  Probe (Chrono Boost)  
  48  4:31  Probe (Chrono Boost)  
  48  4:40  Probe (Chrono Boost)  
  51  4:53  Probe (Chrono Boost)  
  51  4:54  Observer, Probe (Chrono Boost)  
  52  5:03  Probe (Chrono Boost)  
  52  5:06  Probe (Chrono Boost)  
  54  5:14  Probe (Chrono Boost)  
  55  5:23  Twilight Council, Probe (Chrono Boost)  
  56  5:34  Probe (Chrono Boost)  
  58  5:36  Twilight Council, Probe (Chrono Boost)  
  58  5:39  Forge  
  58  5:45  Probe (Chrono Boost)  
  58  5:48  Robotics Bay, Probe (Chrono Boost)  
  60  5:55  Probe (Chrono Boost)  
  61  6:01  Blink  
  62  6:04  Probe (Chrono Boost)  
  62  6:07  Probe (Chrono Boost)  
  62  6:08  Stalker x3, Nexus  
  62  6:10  Pylon  
  69  6:11  Assimilator  
  69  6:12  Pylon  
  69  6:13  Assimilator  
  69  6:16  Probe (Chrono Boost)  
  70  6:27  Pylon  
  70  6:29  Probe x2 (Chrono Boost)  
  72  6:33  Disruptor  
  72  6:35  Gateway  
  72  6:36  Gateway  
  76  6:41  Probe (Chrono Boost)  
  76  6:43  Probe (Chrono Boost)  
  77  6:47  Pylon  
  77  6:53  Probe (Chrono Boost)  
  78  7:00  Probe (Chrono Boost)  
  79  7:04  Disruptor  
  79  7:05  Probe (Chrono Boost)  
  79  7:07  Pylon  
  79  7:08  Pylon  
  80  7:10  Pylon  
  80  7:14  Probe (Chrono Boost)  
  84  7:17  Probe (Chrono Boost)  
  85  7:29  Stalker, Sentry  
  89  7:30  Stalker x2  
  91  7:43  Gravitic Drive, Probe x2 (Chrono Boost)  
  93  7:48  Forge, Gateway  
  93  7:49  Gateway  
  91  7:53  Sentry x3  
  91  7:54  Zealot x2  
  95  8:09  Stalker  
  92  8:17  Stalker x3  
  92  8:18  Stalker x2  
  98  8:21  Pylon  
  98  8:24  Stalker  
  98  8:26  Pylon  
  61  8:43  Stalker x2  
  61  8:44  Stalker x3  
  67  8:50  Zealot x3  

Tags
 
Add a new tag
Caveats
  • Supply blocks, unpowered buildings, or Contaminate may cause inaccurate times.
  • Supply counts are checked every 10 seconds.